Frizzbo, neutral female gnomish Wizard ---------------- |.....>.......*.###############------ +..............| #......# ----- |..............| ###|....|####....| -.-------------- # #|....|### |.*.| ############# ### #|....|# # |....# # # #|....|# ##....|# ## ### |....|# |...|# -.------ # #------# -----# |.......################## # B |......| # # #G# |......-## # f |...---- ########## #[ |...| #--|---.----- |...| #...........| ----- |.......<..| |..........| ------------ Frizzbo the Conjurer Experience level: 3 Strength: 14 Dexterity: 14 Constitution: 11 Intelligence: 13 Wisdom: 17 Charisma: 11 Health: 0(19) Energy: 13(21) Def: 4 Gold: 345 Moves: 1576 Dungeon seed: 3hOHUON9P4WeW2mG Game ID: Frizzbo_1466004365 Your Inventory: Coins $ - 345 gold pieces Weapons f - a blessed rusty +2 aklys (alternate weapon; not wielded) u - an uncursed +0 dagger (weapon in hand) Armor e - an uncursed +0 cloak of magic resistance (being worn) n - an uncursed +0 leather armor (being worn) q - an uncursed +0 orcish helm (being worn) Comestibles h - 2 uncursed food rations o - an uncursed slime mold Scrolls p - an uncursed scroll of scare monster s - a cursed scroll of stinking cloud v - an uncursed scroll of scare monster Spellbooks b - a blessed spellbook of force bolt c - an uncursed spellbook of light k - an uncursed spellbook of healing l - an uncursed spellbook of remove curse Potions g - an uncursed potion of polymorph i - an uncursed potion of see invisible j - a blessed potion of healing t - an uncursed potion of healing Wands r - an uncursed wand of cold (0:5) Tools m - an uncursed tin whistle Spells and supernatural/magical abilities: Name Level Category Fail Memory a - force bolt 1 attack 14% 93% l - light 1 divination 14% 93% W - pray for help -- divine ? -- Your skills at the end: Miscellaneous Skills wands [Basic] Weapon Skills quarterstaff [Basic] crossbow [Basic] Spellcasting Skills attack spells [Basic] enchantment spells [Basic] Final Attributes: You were devoutly aligned. You were magic-protected. You had infravision. You are dead. Vanquished creatures: a shrieker a hobbit 2 geckos a hobgoblin 2 giant rats a yellow mold 3 jackals 2 foxes a kobold 4 newts 3 goblins 2 sewer rats 6 grid bugs a bat a kobold zombie 31 creatures vanquished. Voluntary challenges: You did not adorn yourself with jewelry or accessories. You were an atheist. You used a wielded weapon 22 times, starting on turn 175. You did not apply a unicorn horn. You read items or engraved 2 times, starting on turn 1149. You never genocided any monsters. You never polymorphed an object. You never changed form. You used no wishes. You never split a pudding. You never wrote Elbereth's name. You never violated your personal moral code. Dungeon overview: The Dungeons of Doom: levels 1 to 3 Level 1 a long staircase Level 2 a general store, some fountains Level 3 <- You were here History has recorded: On T:1 you entered the Dungeons of Doom to retrieve the Amulet of Yendor! On T:515 you advanced to experience level 2. On T:674 you reached level 2 of The Dungeons of Doom. On T:1000 you advanced to experience level 3. On T:1330 you reached level 3 of The Dungeons of Doom. Score breakdown: Gold: 345 ( 34 points) Experience: 3 levels ( 200 points) Exploration: 3 levels ( 60 points) Discoveries: 2 items ( 100 points) Variety of kills: 15 monsters ( 750 points) Major goal: (nothing yet) ( 0 points) Survival: died (score multiplied by 3) Total score: 3432 Latest messages: WHAMMM!!! As you kick the door, it crashes open! You hear someone counting money. You stop exploring. The spell hits the hobgoblin! You kill the hobgoblin! There are a few objects here. Blecch! Rotten food! You stop eating. Taco eats a partly eaten hobgoblin corpse. The giant bat bites! (2x) The spell hits the giant bat! The giant bat bites! The bat is killed! The giant bat bites! You fail to cast the spell correctly. The giant bat bites! You die... Final status: Goodbye Frizzbo the Wizard, killed by a giant bat... You died in The Dungeons of Doom on dungeon level 3 with 3432 points, and 345 pieces of gold, after 1576 moves. You were level 3 with a maximum of 19 hit points when you died.